cohdb
Replays
Latest Replays
All Replays
Popular Replays
Top Player Replays
Match Explorer
How It Works
Community
CoH3 Stats
Reddit
Sign in to upload your games and track your stats! →
Sign in with Steam
Match 42083033
Unlisted
Match 42083033
Overview
Messages
Build Orders
End
Engineer Squad
Construct Barracks
Selects Heavy Weapons
Riflemen Squad
Riflemen Squad
Construct Medical Station
Selects M2HB .50cal Heavy Machine Gun
Riflemen Squad
Construct Weapon Support Center
Air Support Center
M1919 Machine Gun Team
Grasshopper Recon Run
Selects Assault Carriers
Selects Exchangeable Parts
Bazooka Squad
Grasshopper Recon Run
.30 cal Machine Gun
Construct Tank Depot
Grasshopper Recon Run
Jonzzy22
tottcoys90
Fol20
Nashorn101
0
0
Comments
sign in to comment!
No comments posted yet!